 Dungeon Crawl Stone Soup version 0.25-b1-37-g2669288c55 (webtiles) character file.

Game seed: 11228676707187178775

106 grindst0ne the Skirmisher (level 4, -5/37 HPs)
             Began as a Demonspawn Fighter on June 4, 2020.
             Killed by divine providence
             ... invoked by an orc priest
              (13 damage)
             ... on level 3 of the Dungeon.
             The game lasted 00:02:47 (2004 turns).

grindst0ne the Skirmisher (Demonspawn Fighter)      Turns: 2004, Time: 00:02:47

Health: -5/37      AC:  6    Str: 17    XL:     4   Next: 55%
Magic:  0/13       EV:  7    Int: 10    God:
Gold:   90         SH:  9    Dex: 12    Spells: 3/3 levels left

rFire    . . .     SeeInvis .   a - +0 war axe
rCold    . . .     Gourm    .   c - +0 kite shield
rNeg     . . .     Faith    .   b - +0 scale mail
rPois    .         Spirit   +   (helmet restricted)
rElec    .         Reflect  .   (no cloak)
rCorr    .         Harm     .   (no gloves)
MR       .....                  (no boots)
Stlth    ..........             (no amulet)
HPRegen  0.12/turn              l - ring of magical power
MPRegen  0.13/turn              (no ring)

@: no status effects
A: horns 1, magic shield
a: no special abilities


You were on level 3 of the Dungeon.
You were not hungry.

You visited 1 branch of the dungeon, and saw 3 of its levels.

You collected 90 gold pieces.

Inventory:

Hand Weapons
 a - a +0 war axe (weapon)
Armour
 b - a +0 scale mail (worn)
 c - a +0 kite shield (worn)
Jewellery
 l - a ring of magical power (left hand)
Scrolls
 h - a scroll of amnesia {unknown}
 i - 4 scrolls of identify {unknown}
 m - 2 scrolls of immolation {unknown}
 n - a scroll of blinking {unknown}
Potions
 e - a potion of curing
 g - a potion of magic {unknown}
 j - a potion of heal wounds {unknown}
Comestibles
 f - 3 rations


   Skills:
 + Level 3.9 Fighting
 - Level 1.7 Axes
 + Level 3.5 Armour
 + Level 3.5 Shields


You had 3 spell levels left.
You didn't know any spells.
Your spell library was empty.

Dungeon Overview and Level Annotations

Branches:
Dungeon (3/15)

Altars:


Innate Abilities, Weirdness & Mutations

You have a pair of small horns on your head.
When hurt, damage is shared between your health and your magic reserves.


Message History

The giant cockroach barely misses you. The jackal barely misses you.
You block the orc priest's attack. The giant cockroach bites you.
* * * LOW HITPOINT WARNING * * *
You closely miss the orc priest.
The orc priest is almost dead.
You barely miss the giant cockroach. You closely miss the jackal.
The jackal closely misses you. You block the giant cockroach's attack.
You block the orc priest's attack. The jackal barely misses you.
The orc priest hits you with a +0 dagger.
* * * LOW HITPOINT WARNING * * *
The giant cockroach bites you but does no damage.
You closely miss the orc priest.
The orc priest is almost dead.
You closely miss the rat. You hit the jackal.
You kill the jackal!
You closely miss the giant cockroach. The rat bites you.
The giant cockroach barely misses you.
The orc priest calls down the wrath of Beogh upon you.
Beogh smites you!
You die...

....... .......
. ....... ..
....... ...
.......#####....
.............^..
#.....gr.......
#.....s@.......
#........o......
#...............
#...#####.......
#.. ....... #.
....... #
....... ...####


You could see an orc priest, a gnoll, a giant cockroach and a rat.

Vanquished Creatures
  An orc wizard (D:2)
  An adder (D:2)
  A shadow imp (D:3)
  3 oozes (D:2)
  2 dart slugs
  4 orcs (D:2)
  A giant cockroach (D:2)
  8 goblins
  5 hobgoblins
  8 jackals
  6 kobolds
  5 bats
  5 frilled lizards
  4 rats
54 creatures vanquished.

Notes
Turn   | Place    | Note
-------+----------+-------------------------------------------
     0 | D:1      | grindst0ne the Demonspawn Fighter began the quest for the
                  | Orb.
     0 | D:1      | Reached XP level 1. HP: 18/18 MP: 1/1
   197 | D:1      | Gained mutation: You have a pair of small horns on your
                  | head. [demonic ancestry]
   197 | D:1      | Reached XP level 2. HP: 24/24 MP: 2/2
   470 | D:1      | Gained mutation: When hurt, damage is shared between your
                  | health and your magic reserves. [demonic ancestry]
   470 | D:1      | Reached XP level 3. HP: 25/29 MP: 3/3
  1318 | D:2      | Reached XP level 4. HP: 34/37 MP: 4/4
  2004 | D:3      | Killed from afar by an orc priest

Illustrated notes

Levels and vault maps discovered:
D:1:      enne_arrival_octagon_isle, layout_loops_cross
D:2:      wad_crossroads, layout_basic
D:3:      layout_basic, first_ration, ebering_ghost_inner_flame

Skill      XL: |  1  2 |
---------------+-------+-----
Shields        | 3 |  3.5
Armour         | 3 |  3.5
Fighting       | |  3.9
Axes           | |  1.7

Action                   |  1- 3 |  4- 6 || total
-------------------------+-------+-------++-------
Melee: War axe           |    95 |    44 ||   139
       Headbutt          |     7 |     2 ||     9
  Use: Potion            |       |     2 ||     2
  Eat: Chunk             |     1 |     3 ||     4
Armor: Scale mail        |    46 |    34 ||    80
Dodge: Dodged            |    32 |    33 ||    65
Block: Kite shield       |    53 |    35 ||    88
